 Dungeon Crawl Stone Soup version 0.27.1-33-g824d729ab1 (webtiles) character file.

Game seed: 700047087383932214

24 SensoryNuts the Skirmisher (level 2, -4/26 HPs)
             Began as a Draconian Monk on Dec 6, 2021.
             Was an Initiate of Gozag.
             Slain by a phantom (5 damage)
             ... on level 2 of the Dungeon.
             The game lasted 00:01:11 (1155 turns).

SensoryNuts the Skirmisher (Draconian Monk)         Turns: 1155, Time: 00:01:11

Health: -4/26      AC:  4    Str: 13    XL:     2   Next: 79%
Magic:  2/2        EV: 12    Int: 10    God:    Gozag
Gold:   55         SH:  0    Dex: 13    Spells: 1/1 levels left

rFire    . . .     SeeInvis .   a - +0 mace
rCold    . . .     Faith    .   (no shield)
rNeg     . . .     Spirit   .   (armour unavailable)
rPois    .         Reflect  .   (helmet restricted)
rElec    .         Harm     .   (no cloak)
rCorr    .         Rampage  .   (no gloves)
Will     .....                  (no boots)
Stlth    ++........             (no amulet)
HPRegen  0.08/turn              (no ring)
MPRegen  0.08/turn              (no ring)

@: no status effects
A: AC +4, unfitting armour, cold-blooded
a: Renounce Religion, Potion Petition, Call Merchant, Bribe Branch


You were on level 2 of the Dungeon.
You worshipped Gozag.
Gozag was noncommittal.
You visited 1 branch of the dungeon, and saw 2 of its levels.

You collected 55 gold pieces.

Inventory:

Hand Weapons
 a - a +0 mace (weapon)


   Skills:
 + Level 3.5 Fighting
 + Level 3.5 Maces & Flails
 + Level 2.9 Dodging
 + Level 1.9 Stealth


You had one spell level left.
You didn't know any spells.
Your spell library contained the following spells:

 Spells                   Type           Power      Damage    Failure   Level
 Iskenderun's Battlesphe  Conj           0%         2d6       100%        5
 Iron Shot                Conj/Erth      0%         9d1       100%        6
 Spellforged Servitor     Conj/Summ      0%         N/A       100%        7


Dungeon Overview and Level Annotations

Branches:
Dungeon (1/15)

Altars:
Gozag


Innate Abilities, Weirdness & Mutations

Your plain brown scales are hard. (AC +4)
You cannot fit into any form of body armour.
You are cold-blooded and may be slowed by cold attacks.


Message History

You hit the phantom.
The phantom is severely damaged.
The phantom hits you but does no damage. x2
You barely miss the phantom.
The phantom is severely damaged.
The phantom hits you but does no damage.
You sock the phantom!
The phantom is almost destroyed.
The phantom hits you but does no damage.
The phantom hits you but does no damage.
The phantom hits you but does no damage.
The phantom hits you but does no damage.
The phantom hits you but does no damage.
The phantom hits you.
* * * LOW HITPOINT WARNING * * *
The phantom hits you but does no damage.
The phantom hits you but does no damage.
The phantom hits you but does no damage.
The phantom hits you but does no damage.
The phantom barely misses you.
The phantom hits you but does no damage.
The phantom hits you but does no damage.
The phantom hits you but does no damage.
Your transformation is almost over.
The phantom hits you but does no damage.
The phantom hits you.
* * * LOW HITPOINT WARNING * * *
The phantom hits you but does no damage.
The phantom hits you.
* * * LOW HITPOINT WARNING * * *
The phantom hits you but does no damage.
The phantom hits you.
* * * LOW HITPOINT WARNING * * *
The phantom hits you but does no damage.
The phantom hits you but does no damage.
You feel less wooden. The phantom barely misses you. The phantom hits you.
You die...
Your body crumbles into a pile of gold.

#.##..##.#.######
#.............#
#.##...#.<......#
########.####.#
........##.####.#
#......#
####....##.# #.#
########
#.......# #.#
####.#### #.# #.#
#.# ####.####
#....@W.#
#.####..# #
###..# #....#
#.##.##.# ##
#....ยงยง.# )####
####.#### ....#
#.# .###.## ##.#


You could see a phantom.

Vanquished Creatures
  A worm (D:2)
  2 ball pythons
  4 endoplasms
  A goblin (D:2)
  A hobgoblin (D:2)
  2 quokkas
  4 bats
  A frilled lizard (D:2)
  A kobold (D:1)
  2 rats
19 creatures vanquished.

Notes
Turn   | Place    | Note
-------+----------+-------------------------------------------
     0 | D:1      | SensoryNuts the Draconian Monk began the quest for the Orb.
     0 | D:1      | Reached XP level 1. HP: 19/19 MP: 1/1
   180 | D:1      | You fall into a shaft and drop 1 floor!
   190 | D:2      | Reached XP level 2. HP: 24/26 MP: 2/2
   424 | D:2      | Found an opulent altar of Gozag.
   441 | D:2      | Became a worshipper of Gozag Ym Sagoz the Greedy
  1113 | D:2      | Noticed a phantom
  1155 | D:2      | Slain by a phantom

Illustrated notes

Levels and vault maps discovered:
D:1:      wheals_arrival_linesprint, layout_basic, serial_shops,
          nicolae_shop_stone, shop, nicolae_shop_competitors_out_of_business,
          shop, minmay_misc_feat_plants, grunt_decor_fettered
D:2:      layout_loops_cross, basic_altar

Action                   || total
-------------------------++-------
Melee: Mace              ||    57
       Tailslap          ||     8
  Use: Scroll            ||     2
       Potion            ||     2
 Stab: Sleeping          ||     3
Armor: Skin              ||    45
Dodge: Dodged            ||    32
